Map: [ESL] Cosmic Sapphire

Players

milkicow - Winner!

  • Race: Terran Terran
  • Spawn Location: 11:00

GunGFuBanDa

  • Race: Protoss Protoss
  • Spawn Location: 5:00

Event: DreamHack SC2 Masters 2022 Atlanta (Online)

VOD

Have the link to the VOD?

Description

Time

  • Played on: Oct. 6, 2022, 10:10 a.m.
  • Length: 9:03

All games in this series

Show
View Real Time Build Order
Export as new Build Order

milkicow Terran - Winner!

Build Orders:  

Get SALT Encoding   

  12  0:00  SCV  
  13  0:16  SCV  
  13  0:17  Supply Depot  
  14  0:28  SCV  
  15  0:40  Barracks, SCV  
  16  0:44  Refinery  
  16  0:52  SCV  
  16  0:54  Refinery  
  17  1:05  SCV  
  18  1:17  SCV  
  19  1:24  Supply Depot  
  19  1:31  Reaper, Orbital Command  
  20  1:44  Factory  
  20  1:56  SCV  
  21  2:03  Barracks Reactor  
  21  2:08  SCV  
  22  2:19  Command Center  
  22  2:22  SCV  
  23  2:28  Hellion  
  25  2:36  Starport  
  25  2:42  Supply Depot  
  25  2:44  SCV  
  26  2:46  Marine  
  26  2:48  Marine  
  28  2:52  Widow Mine  
  28  2:56  SCV  
  31  3:06  Marine  
  31  3:07  Marine  
  31  3:08  SCV  
  34  3:13  Medivac  
  36  3:24  SCV  
  36  3:25  Marine  
  36  3:26  Marine  
  39  3:27  Widow Mine  
  39  3:32  Orbital Command  
  38  3:36  SCV  
  39  3:43  Bunker  
  39  3:44  Starport Tech Lab  
  39  3:47  Marine  
  39  3:48  SCV, Marine  
  41  3:50  Factory Tech Lab  
  42  3:58  SCV  
  42  4:00  SCV  
  44  4:04  Barracks  
  44  4:10  SCV, Marine  
  44  4:12  Refinery, SCV  
  44  4:13  Marine  
  44  4:17  Raven  
  48  4:20  Supply Depot  
  48  4:22  SCV  
  51  4:24  SCV  
  51  4:30  Marine  
  51  4:31  Siege Tank  
  54  4:42  SCV x2  
  54  4:43  Supply Depot  
  56  4:49  Barracks  
  56  4:54  SCV x2  
  56  4:56  Engineering Bay  
  58  5:01  Marine  
  58  5:02  Marine  
  58  5:05  Siege Tank  
  58  5:06  SCV x2  
  65  5:07  Supply Depot  
  64  5:17  Stimpack, Starport Reactor  
  64  5:18  SCV x2  
  64  5:19  Marine  
  64  5:21  Marine  
  68  5:29  Marine  
  68  5:30  SCV, Terran Infantry Weapons Level 1  
  68  5:33  Supply Depot  
  71  5:36  Marine  
  71  5:42  SCV, Marine  
  74  5:47  Combat Shield, Marine  
  74  5:48  Factory Reactor, Marine  
  73  5:54  Marine  
  73  5:56  Barracks  
  73  5:57  Barracks  
  73  5:58  Medivac  
  73  6:00  Marine  
  73  6:01  Supply Depot  
  73  6:02  Medivac  
  77  6:04  Marine  
  77  6:07  Marine  
  77  6:09  Supply Depot  
  79  6:12  Marine  
  79  6:18  SCV x2, Marine  
  82  6:22  Marine  
  82  6:24  Marine  
  82  6:25  Supply Depot  
  85  6:27  Widow Mine x2  
  85  6:30  Medivac, Marauder  
  93  6:33  Medivac  
  93  6:35  Marine  
  93  6:36  Supply Depot  
  96  6:40  Marine  
  96  6:43  Marauder  
  96  6:44  Marine  
  96  6:45  Marine  
  101  6:48  Supply Depot  
  101  6:49  Widow Mine  
  101  6:50  Widow Mine  
  101  6:51  Marine  
  101  6:53  Marine  
  107  6:58  Supply Depot, Marine  
  107  6:59  Concussive Shells  
  108  7:02  Medivac, Marine x2  
  108  7:04  Marine  
  113  7:09  Marine  
  113  7:11  Marine  
  115  7:16  Marine  
  115  7:20  Marine x2  
  115  7:22  Widow Mine x2, Marauder  
  124  7:23  SCV  
  124  7:27  Marauder  
  124  7:28  SCV  
  124  7:29  Marine  
  129  7:31  Supply Depot  
  129  7:34  Marine  
  130  7:38  Marine x2  
  130  7:43  Marine  
  133  7:45  SCV  
  133  7:47  Marine  
  133  7:48  Marine  
  130  7:51  Marine  
  130  7:56  Marine x2  
  131  8:01  Marauder  
  131  8:04  Marine  
  126  8:06  Marine  
  126  8:09  Marine  
  118  8:13  Marine  
  118  8:14  Marine  
  118  8:18  SCV x2  
  112  8:23  Marauder  
  114  8:30  SCV x2, Marauder, Marine  
  115  8:42  SCV  
Show
View Real Time Build Order
Export as new Build Order

GunGFuBanDa Protoss 

Build Orders: 1 Gate Expand, Blink Stalkers 

Get SALT Encoding   

  12  0:00  Probe  
  13  0:12  Probe  
  14  0:16  Pylon  
  14  0:24  Probe (Chrono Boost)  
  16  0:36  Probe (Chrono Boost)  
  16  0:37  Gateway  
  16  0:42  Probe (Chrono Boost)  
  16  0:46  Assimilator  
  17  0:50  Probe  
  18  1:03  Probe  
  19  1:15  Probe  
  20  1:23  Nexus  
  20  1:34  Cybernetics Core  
  20  1:37  Probe  
  21  1:48  Pylon  
  21  1:49  Probe  
  21  1:54  Assimilator  
  22  2:01  Probe  
  23  2:07  Adept (Chrono Boost)  
  23  2:10  Warp Gate  
  23  2:13  Probe  
  26  2:26  Probe (Chrono Boost)  
  27  2:30  Stalker  
  27  2:35  Probe (Chrono Boost)  
  30  2:43  Probe (Chrono Boost)  
  32  2:44  Probe (Chrono Boost)  
  32  2:45  Shield Battery  
  32  2:48  Twilight Council  
  32  2:49  Probe x2 (Chrono Boost)  
  34  3:01  Probe x2 (Chrono Boost), Stalker  
  38  3:09  Gateway  
  38  3:13  Probe (Chrono Boost)  
  38  3:19  Probe (Chrono Boost)  
  40  3:22  Probe (Chrono Boost)  
  40  3:23  Blink (Chrono Boost)  
  40  3:26  Probe (Chrono Boost)  
  42  3:27  Probe  
  43  3:36  Robotics Facility  
  43  3:38  Probe  
  43  3:39  Probe  
  45  3:42  Pylon  
  45  3:48  Assimilator  
  45  3:50  Probe  
  45  3:53  Pylon  
  46  4:00  Probe  
  47  4:03  Probe  
  47  4:07  Sentry, Stalker  
  52  4:12  Probe  
  52  4:15  Pylon  
  53  4:23  Probe  
  54  4:28  Probe  
  53  4:31  Nexus  
  53  4:33  Observer  
  53  4:35  Probe  
  55  4:43  Stalker  
  55  4:44  Stalker  
  59  4:49  Pylon  
  59  4:54  Forge  
  59  4:58  Probe  
  59  4:59  Gateway  
  60  5:02  Gateway  
  60  5:03  Observer  
  61  5:10  Charge, Probe  
  61  5:12  Probe  
  63  5:22  Protoss Ground Weapons Level 1 (Chrono Boost), Probe  
  63  5:24  Probe (Chrono Boost)  
  63  5:27  Gateway  
  65  5:28  Gateway  
  65  5:31  Observer  
  66  5:36  Probe (Chrono Boost)  
  66  5:40  Probe (Chrono Boost)  
  67  5:44  Probe (Chrono Boost)  
  67  5:45  Sentry, Stalker  
  67  5:47  Shield Battery, Probe (Chrono Boost)  
  72  5:51  Immortal (Chrono Boost), Probe  
  77  5:59  Probe  
  78  6:06  Pylon  
  78  6:10  Gateway  
  78  6:11  Gateway  
  78  6:13  Pylon  
  78  6:15  Probe x2  
  79  6:20  Probe  
  80  6:26  Immortal  
  80  6:27  Probe  
  80  6:32  Zealot x5  
  95  6:34  Pylon  
  95  6:42  Pylon  
  95  6:44  Robotics Bay  
  95  6:46  Zealot  
  98  6:47  Probe x3  
  98  6:49  Pylon  
  100  6:54  Pylon  
  100  7:02  Shield Battery  
  100  7:07  Zealot x5  
  110  7:11  Observer  
  108  7:15  Probe  
  108  7:19  Probe  
  110  7:27  Zealot, Stalker x3  
  110  7:28  Probe  
  110  7:29  Assimilator  
  118  7:30  Colossus (Chrono Boost), Pylon  
  124  7:40  Shield Battery  
  117  7:54  Zealot x4  
  117  7:55  Zealot x4  
  117  7:56  Shield Battery  
  82  8:19  Zealot x2  
  76  8:22  Stalker  
  76  8:23  Zealot, Stalker x2  
  76  8:24  Zealot  
  80  8:27  Pylon  
  76  8:37  Stalker  
  69  8:49  Zealot x3  
  69  8:55  Zealot x3  
Tags
 
Add a new tag
Caveats
  • Supply blocks, unpowered buildings, or Contaminate may cause inaccurate times.
  • Supply counts are checked every 10 seconds.